 Dungeon Crawl Stone Soup version 0.30-a0-1075-gcd70e7a56d (webtiles) character file.

Game seed: 696865895264654566

231 Pimp the Trooper (level 5, -2/42 HPs)
             Began as a Demonspawn Fighter on Apr 14, 2023.
             Slain by an orc
             ... wielding a +2 trident of protection
              (7 damage)
             ... on level 4 of the Dungeon.
             The game lasted 00:05:46 (3132 turns).

Pimp the Trooper (Demonspawn Fighter)               Turns: 3132, Time: 00:05:46

Health: -2/42      AC:  9    Str: 21    XL:     5   Next: 72%
Magic:  5/5        EV: 10    Int: 10    God:
Gold:   153        SH:  4    Dex: 12    Spells: 4/4 levels left

rFire   . . .      SeeInvis .    a - +0 war axe
rCold   . . .      Faith    .    c - +0 buckler
rNeg    . . .      Spirit   .    g - +0 ring mail of the Ant {rElec Str+3 Stlth-}
rPois   .          Reflect  .    (helmet restricted)
rElec   +          Rampage  .    f - +0 cloak
rCorr   .                        (no gloves)
Will    .....                    (no boots) Stlth
                                 (no amulet)
HPRegen 0.27/turn                (no ring)
MPRegen 0.09/turn                (no ring)

@: hasted, very quick
A: claws 1, icy blue scales 1, powered by pain 1, antennae 2
a: no special abilities


You were on level 4 of the Dungeon.
You visited 1 branch of the dungeon, and saw 4 of its levels.

You collected 153 gold pieces.

Inventory:

Hand Weapons
 a - a +0 war axe (weapon)
Armour
 b - a +0 scale mail
 c - a +0 buckler (worn)
 f - a +0 cloak (worn)
 g - the +0 ring mail of the Ant (worn) {rElec Str+3 Stlth-}
   (You found it on level 2 of the Dungeon)

   Str:       It affects your strength (+3).
   rElec:     It insulates you from electricity.
   Stlth:     It makes you less stealthy.
Jewellery
 e - a +4 ring of protection
 o - a +4 ring of slaying
Scrolls
 i - 2 scrolls of teleportation
 j - a scroll of enchant armour {unknown}
 k - a scroll of blinking
 n - a scroll of magic mapping {unknown}
Potions
 d - 2 potions of might
 h - a potion of magic
 l - a potion of brilliance


   Skills:
 + Level 4.1 Fighting
 + Level 3.1 Axes
 + Level 3.7 Armour
 + Level 3.7 Shields


You had 4 spell levels left.
You didn't know any spells.
Your spell library contained the following spells:

 Spells                   Type           Power      Damage    Failure   Level
 Ensorcelled Hibernation  Hex/Ice        0%         N/A       77%         2
 Passwall                 Tmut/Erth      0%         N/A       77%         2
 Swiftness                Air            0%         N/A       94%         3


Dungeon Overview and Level Annotations

Branches:
Dungeon (4/15)
 Temple: D:4-7

Altars:


Innate Abilities, Weirdness & Mutations

You have sharp fingernails.
You are partially covered in icy blue scales. (AC +2)
You sometimes gain a little power by taking damage.
You have a pair of antennae on your head.


Message History

You barely miss the kobold.
The orc hits you from afar with a +2 trident of protection!
* * * LOW HITPOINT WARNING * * *
The kobold hits you but does no damage.
You closely miss the kobold. The orc closely misses you.
You block the kobold's attack. The kobold misses you.
The orc hits you from afar with a +2 trident of protection.
* * * LOW HITPOINT WARNING * * *
You hit the kobold.
The kobold is moderately wounded.
The kobold hits you but does no damage. The orc closely misses you.
Unknown command.
It was a potion of haste.
You feel yourself speed up. The kobold misses you. The orc closely misses you.
You barely miss the kobold.
The kobold is moderately wounded.
You block the kobold's attack. The orc barely misses you.
You barely miss the kobold.
The kobold is moderately wounded.
You block the orc's attack. The kobold hits you but does no damage.
You miss the kobold.
The kobold is moderately wounded.
The orc hits you from afar with a +2 trident of protection.
* * * LOW HITPOINT WARNING * * *
The kobold hits you but does no damage.
You barely miss the kobold.
The kobold is moderately wounded.
The orc barely misses you. You block the kobold's attack.
You closely miss the kobold.
The kobold is moderately wounded.
The orc closely misses you. The kobold barely misses you.
You hit the kobold but do no damage.
The kobold is moderately wounded.
The orc barely misses you. The kobold hits you but does no damage.
Unknown command.
You hit the kobold.
You kill the kobold!
The orc hits you but does no damage.
The orc hits you with a +2 trident of protection!
You die...

##......#. ........
### #......# . ..#
#......# .. #.#
#......#... # #.#
#......'... #. #.#
#......#... ####..#<#
#.)o.......
........#####@####.###
..............#
......##.†.#### ......
###.# ...... #.# #####
#.. ##.. #.. ...


You could see an orc.

Vanquished Creatures
  2 hounds
  Terence (D:2)
  5 adders
  A gnoll (D:1)
  2 worms (D:3)
  7 orcs
  5 bats
  5 endoplasms
  A giant cockroach (D:2)
  5 goblins
  6 hobgoblins
  14 jackals
  A quokka (D:2)
  8 ball pythons
  5 frilled lizards
  6 kobolds
  7 rats
81 creatures vanquished.

Vanquished Creatures (others)
  A plant (D:2)
1 creature vanquished.

Grand Total: 82 creatures vanquished

Notes
Turn   | Place    | Note
-------+----------+-------------------------------------------
     0 | D:1      | Pimp the Demonspawn Fighter began the quest for the Orb.
     0 | D:1      | Reached XP level 1. HP: 18/18 MP: 1/1
   263 | D:1      | Gained mutation: You sometimes gain a little power by
                  | taking damage. [demonic ancestry]
   263 | D:1      | Reached XP level 2. HP: 22/24 MP: 2/2
   687 | D:1      | Reached XP level 3. HP: 29/29 MP: 3/3
  1166 | D:2      | Found a faded altar of an unknown god.
  1359 | D:2      | Noticed Terence
  1371 | D:2      | Gained mutation: You occasionally lose the ability to drink
                  | potions when taking damage. [potion of mutation]
  1374 | D:2      | Killed Terence
  1375 | D:2      | Gained mutation: You have sharp fingernails. [demonic
                  | ancestry]
  1375 | D:2      | Reached XP level 4. HP: 19/35 MP: 4/4
  1376 | D:2      | Identified the +0 ring mail of the Ant {rElec Str+3 Stlth-}
  2368 | D:3      | Gained mutation: You are partially covered in icy blue
                  | scales. (AC +2) [demonic ancestry]
  2368 | D:3      | Reached XP level 5. HP: 13/42 MP: 5/5
  2760 | D:3      | Lost mutation: You occasionally lose the ability to drink
                  | potions when taking damage. [potion of mutation]
  2760 | D:3      | Gained mutation: You have a pair of small antennae on your
                  | head. [potion of mutation]
  2760 | D:3      | Gained mutation: You have a pair of antennae on your head.
                  | [potion of mutation]
  2839 | D:3      | Reached skill level 4 in Fighting
  3132 | D:4      | Slain by an orc

Illustrated notes

Levels and vault maps discovered:
D:1:      heliophobic_arrival_ceremonial_halls, layout_basic, chequers_garden
D:2:      cheibrodos_old_hovel, layout_basic,
          hellmonk_ecumenical_altar_lost_god, uniq_terence
D:3:      layout_basic, serial_corexii_hall, chequers_hall_statues_corner_a,
          corexii_hall_statues_x, chequers_hall_statues_y,
          chequers_hall_statues_wall_a
D:4:      layout_basic

Skill      XL: |  1  2  3  4  5 |
---------------+----------------+-----
Axes           | 2 3 |  3.1
Armour         | 3 |  3.7
Shields        | 3 |  3.7
Fighting       | 4 |  4.1

Action                     |  1- 3 |  4- 6 || total
---------------------------+-------+-------++-------
  Melee: War axe           |    96 |   114 ||   210
    Use: Potion            |     4 |     4 ||     8
         Scroll            |       |     2 ||     2
 Armour: Scale mail        |    71 |    21 ||    92
         Ring mail         |       |    55 ||    55
  Dodge: Dodged            |    50 |    83 ||   133
  Block: Buckler           |    31 |    35 ||    66

Table legend: (Time is in decaauts)
 A = Elapsed time spent in this place.
 B = Non-inter-level travel time spent in this place.
 C = Inter-level travel time spent in this place.
 D = Time resting spent in this place.
 E = Time spent auto-exploring this place.
 F = Levels seen in this place.
 G = Mean time per level.
                   A        B        C        D        E       F      G
               +--------+--------+--------+--------+--------+-----+--------+
         Total |   3218 |   3097 |    121 |    350 |   2138 |   4 |  804.5 |
       Dungeon |   3218 |   3097 |    121 |    350 |   2138 |   4 |  804.5 |
               +--------+--------+--------+--------+--------+-----+--------+

Top non-repeatable levels by time:
     D:2: 1237 daAuts
     D:1: 1132 daAuts
     D:3: 742 daAuts
     D:4: 105 daAuts
